 Dungeon Crawl Stone Soup version 0.27-a0-1196-g3e9cee4cb2 (webtiles) character file.

Game seed: 3542598886532435239

183704 Zonian the Destroyer (level 19, -3/142 HPs)
             Began as a Human Conjurer on May 28, 2021.
             Was a High Priest of Qazlal.
             Slain by a bunyip (31 damage)
             ... on level 2 of the Swamp on May 29, 2021.
             The game lasted 03:08:02 (61520 turns).

Zonian the Destroyer (Human Conjurer)              Turns: 61520, Time: 03:08:02

Health: -3/142     AC: 16    Str:  7 (10) XL:     19   Next: 8%
Magic:  19/33      EV: 13    Int: 23 (26) God:    Qazlal [*****.]
Gold:   1214       SH: 11    Dex: 13      Spells: 6/39 levels left

rFire    + . .     SeeInvis .   N - +10 whip of Death {freeze, +Rage rF+}
rCold    . . .     Faith    .   Q - +0 buckler
rNeg     . . .     Spirit   .   u - +0 swamp dragon scales
rPois    +         Reflect  .   d - +2 helmet {Int+3}
rElec    +         Harm     .   c - +0 cloak {Stlth+}
rCorr    .         Rampage  .   Z - +2 pair of gloves
Will     +....                  (no boots)
Stlth    +.........             A - amulet of regeneration
HPRegen  1.33/turn              n - ring of wizardry
MPRegen  0.23/turn              y - +4 ring of slaying

@: protected from electricity, repel missiles
A: no striking features
a: Renounce Religion, Evoke Berserk Rage, Upheaval, Elemental Force, Disaster
Area


You were on level 2 of the Swamp.
You worshipped Qazlal.
Qazlal was extremely pleased with you.
You visited 5 branches of the dungeon, and saw 29 of its levels.
You also visited: Sewer and Ossuary.

You collected 2913 gold pieces.
You spent 1699 gold pieces at shops.

Inventory:

Hand Weapons
 b - the +1 whip "Riskeqaz" {vamp, rN+ Dex+4 Stlth+}
   (You bought it in a shop on level 12 of the Dungeon)

   It inflicts no extra harm, but heals its wielder when it wounds a living foe.
   It affects your dexterity (+4).
   It protects you from negative energy.
   It makes you more stealthy.
 N - the +10 whip of Death (weapon) {freeze, +Rage rF+}
   (You found it on level 8 of the Dungeon)

   It has been specially enchanted to freeze those struck by it, causing extra
   injury to most foes and up to half again as much damage against particularly
   susceptible opponents.
   It can also slow down cold-blooded creatures.
   It protects you from fire.
   It lets you go berserk.
 S - a +5 vorpal hunting sling
Missiles
 j - 114 poisoned darts
 E - 7 silver boomerangs
 J - 2 throwing nets
 K - 15 javelins
 R - 15 curare-tipped darts
 T - 206 sling bullets
Armour
 a - a +2 ring mail of willpower
 c - a +0 cloak of stealth (worn)
 d - a +2 helmet of intelligence (worn)
 u - +0 swamp dragon scales (worn)
 M - the +0 ring mail of Rovi {rF++ rC- rN+ rCorr}
   (You found it on level 8 of the Dungeon)

   It greatly protects you from fire.
   It makes you vulnerable to cold.
   It protects you from negative energy.
   It protects you from acid and corrosion.
 Q - a +0 buckler (worn)
 Z - a +2 pair of gloves (worn)
Jewellery
 h - a ring of magical power
 n - a ring of wizardry (left hand)
 y - a +4 ring of slaying (right hand)
 A - an amulet of regeneration (around neck)
 G - a ring of protection from cold
 L - a ring of magical power
 P - a ring of protection from fire
 Y - a ring of poison resistance
Wands
 i - a wand of iceblast (7)
 z - a wand of digging (2)
 B - a wand of charming (5)
 C - a wand of acid (1)
 O - a wand of polymorph (29)
 X - a wand of flame (55)
Scrolls
 e - 11 scrolls of identify
 m - 4 scrolls of blinking
 o - 4 scrolls of summoning
 t - 9 scrolls of teleportation
 x - 4 scrolls of enchant weapon
 I - a scroll of holy word
 V - a scroll of fog
Potions
 f - 6 potions of flight
 g - a potion of magic
 p - 3 potions of haste
 q - 3 potions of brilliance
 r - 6 potions of might
 s - 10 potions of curing
 v - 3 potions of ambrosia
 F - 3 potions of resistance
 H - a potion of invisibility
 U - a potion of berserk rage
 W - 2 potions of lignification
Miscellaneous
 w - a piece from Xom's chessboard (15/15)


   Skills:
 + Level 10.8 Fighting
 - Level 1.0 Short Blades
 + Level 10.5 Maces & Flails
 - Level 7.2 Polearms
 - Level 1.2 Throwing
 - Level 5.0 Armour
 + Level 11.0 Dodging
 - Level 2.3 Stealth
 - Level 4.0 Shields
 + Level 10.8 Spellcasting
 + Level 12.0 Conjurations
 - Level 6.5 Hexes
 + Level 10.4 Translocations
 + Level 4.9 Fire Magic
 - Level 8.0 Poison Magic
 + Level 11.4 Invocations
 - Level 8.9 Evocations


You had 6 spell levels left.
You knew the following spells:

 Your Spells              Type           Power      Damage    Failure   Level
a - Magic Dart            Conj           100%       1d8       1%          1
b - Searing Ray           Conj           100%       3d7       1%          2
c - Iskenderun's Mystic   Conj/Tloc      59%        2d12      1%          4
d - Blink                 Tloc           N/A        N/A       1%          2
e - Mephitic Cloud        Conj/Pois/Air  43%        N/A       1%          3
f - Dazzling Flash        Conj/Hex       100%       N/A       1%          3
g - Fulminant Prism       Conj/Hex       26%        3d14      1%          4
h - Fireball              Conj/Fire      25%        3d11      6%          5
i - Iskenderun's Battles  Conj           61%        2d11      1%          5
j - Sticky Flame          Conj/Fire      51%        2d7       1%          4

Your spell library contained the following spells:

 Spells                   Type           Power      Damage    Failure   Level
 Foxfire                  Conj/Fire      100%       2x1d9     1%          1
 Poisonous Vapours        Pois/Air       60%        N/A       1%          2
 Slow                     Hex            42%        N/A       1%          2
 Conjure Flame            Conj/Fire      51%        6-21      1%          3
 Inner Flame              Hex/Fire       38%        N/A       1%          3
 Stone Arrow              Conj/Erth      80%        3d12      1%          3
 Summon Guardian Golem    Hex/Summ       27%        N/A       5%          3
 Summon Small Mammal      Summ           48%        N/A       6%          1
 Call Imp                 Summ           12%        N/A       10%         2
 Call Canine Familiar     Summ           12%        N/A       19%         3
 Silence                  Hex/Air        13%        N/A       41%         5
 Summon Ice Beast         Ice/Summ       12%        N/A       52%         4
 Summon Lightning Spire   Summ/Air       12%        N/A       52%         4
 Conjure Ball Lightning   Conj/Air       20%        3x3d6     61%         6
 Freezing Cloud           Conj/Ice/Air   15%        6-21      86%         6
 Tornado                  Air            6%         N/A       100%        9


Dungeon Overview and Level Annotations

Branches:
Dungeon (15/15)            Temple (0/1) D:4            Lair (6/6) D:11
  Swamp (2/4) Lair:4       Spider (4/4) Lair:4        Slime (0/5) Lair:5
    Orc (2/2) D:9             Elf (0/3) Orc:2        Vaults (0/5) D:13
 Depths (0/5) D:15          Sewer (visited)         Ossuary (visited)

Altars:
Ashenzari
Dithmenos
Kikubaaqudgha
Makhleb
Nemelex Xobeh
Qazlal
Wu Jian
Xom
Yredelemnul
Zin
The Shining One
Beogh

Shops:
D:12 (   D:15 (   Orc:1 [   Orc:2 :![[:

Annotations:
D:2 Terence
D:3 1 runed translucent door, IdlyInterested's ghost, amateur DsGl
Lair:2 1 runed translucent door, exclusion: 2 oklob plants, Wyvernaa's ghost, journeyman HOMo
Lair:3 1 runed translucent door, RepHenryClay's ghost, adept DEFE
Lair:5 exclusion: 2 oklob plants
Swamp:1 2 transporters, Jograino's ghost, journeyman DEIE


Message History

Qazlal accepts your kill.
The hornet is severely wounded.
The iceblast engulfs the spriggan air mage!!
You kill the spriggan air mage!
Qazlal accepts your kill.
You hear a splash.
The iceblast engulfs the alligator!
The alligator is almost dead.
You block the alligator's attack. The alligator tail-slaps you.
You barely miss the alligator.
The alligator is almost dead.
You hear a hideous shriek!
The hornet stings you but does no damage.
The alligator bites you! The alligator barely misses you.
Unknown command.
You whack the alligator! You freeze the alligator.
The alligator is almost dead.
The hornet stings you!
You feel yourself slow down.
Unknown command.
You whack the alligator! You freeze the alligator.
You kill the alligator!
Qazlal accepts your kill.
You hear a hideous shriek!
The hornet stings you but does no damage.
Your Conjurations skill increases to level 12!
Unknown command.
You whack the hornet! You freeze the hornet.
You kill the hornet!
Qazlal accepts your kill.
You feel yourself speed up.
A bunyip comes into view.
Found a small sapphire amulet.
You see here a hydra corpse.
Unknown command.
There is a stone staircase leading up, spattered with blood here.
Unknown command.
You start resting.
You block the bunyip's attack. The bunyip claws you!!
* * * LOW HITPOINT WARNING * * *
The bunyip claws you!!
You die...

♣♣≈♣.....
≈..♣... .
...... ≈≈ .....
§≈≈
≈.###...###..>≈
≈..............
♣...x.)[≈≈..≈≈
♣♣x○≈≈..≈≈
♣@..°..♣."
♣≈♣♣♣♣♣♣♣ .≈♣
.^.♣ ..≈.. (♣≈≈
♣♣


You could see a bunyip.

Vanquished Creatures
  Arachne (Spider:3)
  Agnes (Spider:3)
  An orc warlord (Orc:1)
  A ghost moth (Spider:4)
  4 emperor scorpions
  Azrael (D:13)
  A bunyip (Swamp:1)
  2 entropy weavers
  3 spark wasps
  Josephine (D:13)
  2 fire dragons
  A yaktaur captain (D:15)
  A rakshasa (D:13)
  5 vault guards (D:13)
  2 ogre magi
  19 hydras
  2 boulder beetles
  A spriggan air mage (Swamp:2)
  A catoblepas (Lair:6)
  An alligator (Swamp:2)
  7 two-headed ogres
  4 centaur warriors
  2 anacondas
  2 tengu warriors
  9 death yaks
  A fire crab (shapeshifter) (D:15)
  4 skeletal warriors
  A goliath frog (Swamp:1)
  A swamp dragon (Lair:6)
  A deep troll (D:14)
  2 wizards (D:14)
  A lindwurm (Lair:5)
  A deep elf zephyrmancer (D:15)
  17 orb spiders
  3 cyclopes
  A necromancer (D:15)
  5 deep elf pyromancers
  9 orc sorcerers
  10 ugly things
  31 wolf spiders
  26 elephants
  A will-o-the-wisp (Swamp:1)
  3 manticores
  A moth of wrath (Spider:4)
  Maurice (D:10)
  8 black mambas
  3 torpor snails
  5 gargoyles
  A naga mage (D:15)
  13 cane toads
  3 kobold demonologists
  2 unseen horrors
  3 rime drakes
  An efreet (D:14)
  12 demonic crawlers
  2 tengu conjurers
  8 trolls
  17 komodo dragons
  11 polar bears
  50 jumping spiders
  A tyrant leech (Swamp:1)
  10 hornets
  3 raiju (Lair:6)
  8 blink frogs
  14 slime creatures
  6 dream sheep (Lair:5)
  A centaur simulacrum (D:15)
  A shadow (D:13)
  22 tarantellas
  56 redbacks
  45 yaks
  9 wraiths
  9 wyverns
  A spriggan (Swamp:2)
  A fire elemental (D:13)
  7 steam dragons
  4 basilisks
  13 vampire mosquitoes
  15 wargs
  7 swamp worms (Swamp:1)
  A harpy simulacrum (D:13)
  17 hell hounds
  3 acid dragons
  24 water moccasins
  Purgy (Sewer)
  25 orc warriors
  An ice beast (D:7)
  2 sky beasts
  13 black bears
  7 ogres
  10 centaurs
  24 wolves
  A phantom (D:6)
  6 kobold brigands
  A gnoll sergeant (D:9)
  10 bullfrogs
  4 scorpions
  3 killer bees (D:9)
  3 howler monkeys (D:12)
  19 wights
  4 electric eels
  2 bullfrog zombies
  2 centaur zombies
  A hound (D:4)
  A jelly (D:6)
  15 orc priests
  2 bullfrog skeletons (D:6)
  5 centaur skeletons
  3 gnoll shamans
  6 iguanas
  41 orc wizards
  A scorpion zombie (D:5)
  2 hound skeletons (D:5)
  A mummy (Ossuary)
  A howler monkey zombie (D:8)
  9 adders
  25 gnolls
  12 white imps (Orc:1)
  2 ufetubi
  4 dart slugs
  96 orcs
  9 endoplasms
  5 giant cockroaches
  13 goblins
  3 hobgoblins (D:2)
  11 jackals
  4 quokkas
  10 ball pythons
  4 bats
  7 frilled lizards
  2 gnoll skeletons (Ossuary)
  15 kobolds
  12 kobold skeletons (Ossuary)
  A kobold zombie (D:6)
  11 orc skeletons (Ossuary)
  3 rats
1087 creatures vanquished.

Vanquished Creatures (collateral kills)
  A skeletal warrior (D:12)
1 creature vanquished.

Vanquished Creatures (others)
  A deep elf pyromancer (D:14)
  A wolf spider (Spider:4)
  2 jumping spiders
  A tarantella (Spider:4)
  An orc (Orc:2)
  2 bushes
  2 foxfires (Swamp:1)
  2 fulminant prisms
  39 fungi
  107 plants
158 creatures vanquished.

Grand Total: 1246 creatures vanquished

Notes
Turn   | Place    | Note
-------+----------+-------------------------------------------
     0 | D:1      | Zonian the Human Conjurer began the quest for the Orb.
     0 | D:1      | Reached XP level 1. HP: 13/13 MP: 3/3
   502 | D:1      | Reached XP level 2. HP: 19/19 MP: 3/5
   696 | D:1      | Learned a level 2 spell: Searing Ray
   876 | D:1      | Found a faded altar of an unknown god.
   884 | D:1      | Became a worshipper of Qazlal Stormbringer
   884 | D:1      | Reached * piety under Qazlal
  1097 | D:1      | Reached XP level 3. HP: 24/24 MP: 2/6
  2158 | D:2      | Noticed Terence
  2360 | D:2      | Reached XP level 4. HP: 21/30 MP: 7/7
  2378 | D:2      | Reached skill level 5 in Conjurations
  2822 | D:3      | Reached skill level 1 in Invocations
  2990 | D:3      | Reached ** piety under Qazlal
  2991 | D:3      | Reached skill level 1 in Short Blades
  2991 | D:3      | Reached XP level 5. HP: 32/35 MP: 3/9
  3249 | D:3      | Found a stormy altar of Qazlal.
  3793 | D:3      | Found a runed translucent door.
  3794 | D:3      | Noticed IdlyInterested's ghost (amateur DsGl)
  3883 | D:3      | Found a burning altar of Makhleb.
  4190 | D:4      | Noticed a centaur
  4197 | D:4      | Killed a centaur
  4198 | D:4      | Reached XP level 6. HP: 32/42 MP: 5/10
  4312 | D:4      | Reached skill level 1 in Polearms
  4364 | D:4      | Found a shadowy altar of Dithmenos.
  4365 | D:4      | Found a shimmering altar of Xom.
  4370 | D:4      | Found a basalt altar of Yredelemnul.
  4468 | D:4      | Found a staircase to the Ecumenical Temple.
  4554 | D:4      | Found a sparkling altar of Nemelex Xobeh.
  4617 | D:4      | Found a glowing drain.
  4626 | Sewer    | Entered a sewer
  4697 | Sewer    | Noticed Purgy
  4703 | Sewer    | Killed Purgy
  4704 | Sewer    | Reached XP level 7. HP: 40/47 MP: 2/12
  5330 | D:4      | Found a glowing golden altar of the Shining One.
  5397 | D:4      | Learned a level 4 spell: Iskenderun's Mystic Blast
  5414 | D:5      | Entered Level 5 of the Dungeon
  5475 | D:5      | Reached skill level 1 in Fighting
  5481 | D:5      | Reached *** piety under Qazlal
  6661 | D:5      | Reached skill level 1 in Translocations
  7041 | D:5      | Reached XP level 8. HP: 54/54 MP: 6/13
  7207 | D:6      | Reached skill level 1 in Armour
  7381 | D:6      | Reached XP level 9. HP: 56/61 MP: 3/15
  7393 | D:6      | Reached skill level 5 in Polearms
  7473 | D:6      | Found a sand-covered staircase.
  7481 | Ossuary  | Entered an ossuary
  8404 | Ossuary  | Reached skill level 1 in Throwing
  8676 | Ossuary  | Reached **** piety under Qazlal
  8749 | D:6      | HP: 1/59 [wight/+3 battleaxe of freezing (7)]
  8943 | D:6      | Reached skill level 6 in Conjurations
  9944 | D:7      | Found a broken altar of Ashenzari.
 10598 | D:7      | Found a glowing silver altar of Zin.
 11559 | D:7      | Reached skill level 5 in Spellcasting
 11609 | D:7      | Noticed a troll
 11618 | D:7      | Killed a troll
 11619 | D:7      | Reached XP level 10. HP: 22/69 MP: 6/17
 12033 | D:7      | Found an ancient bone altar of Kikubaaqudgha.
 12456 | D:8      | Noticed a two-headed ogre
 12903 | D:8      | Killed a two-headed ogre
 13401 | D:8      | Reached skill level 7 in Conjurations
 13662 | D:8      | Reached skill level 5 in Dodging
 14239 | D:8      | Noticed a centaur warrior
 14239 | D:8      | Noticed a deep elf pyromancer
 14259 | D:8      | Killed a centaur warrior
 14260 | D:8      | Reached XP level 11. HP: 28/78 MP: 11/19
 14263 | D:8      | Killed a deep elf pyromancer
 14323 | D:8      | Reached skill level 5 in Armour
 14426 | D:8      | Identified the +0 ring mail of Rovi {rF++ rC- rN+ rCorr}
 14428 | D:8      | Identified the +10 whip of Death {freeze, +Rage rF+}
 15078 | D:9      | Reached skill level 5 in Invocations
 15087 | D:9      | Reached skill level 1 in Maces & Flails
 16255 | D:9      | Reached skill level 1 in Evocations
 16430 | D:9      | Reached skill level 5 in Fighting
 16486 | D:9      | Found a staircase to the Orcish Mines.
 16585 | D:9      | Reached skill level 5 in Translocations
 16961 | D:10     | Entered Level 10 of the Dungeon
 16968 | D:9      | Reached skill level 1 in Shields
 17733 | D:10     | Noticed a skeletal warrior
 17940 | D:10     | Killed a skeletal warrior
 18124 | D:10     | Noticed Maurice
 18131 | D:10     | Killed Maurice
 18394 | D:10     | Found an ornate altar of the Wu Jian Council.
 18431 | D:10     | Identified the +0 ring mail of Undesirable Species {Regen+
                  | MP-9 Int+7}
 18677 | D:10     | Noticed a two-headed ogre
 18685 | D:10     | Killed a two-headed ogre
 18686 | D:10     | Reached XP level 12. HP: 86/86 MP: 13/21
 18857 | D:10     | Reached ***** piety under Qazlal
 18858 | D:10     | Reached skill level 8 in Conjurations
 19013 | D:10     | Noticed a boulder beetle
 19287 | D:10     | Killed a boulder beetle
 20425 | D:11     | Noticed a six-headed hydra
 20431 | D:11     | Killed a six-headed hydra
 20545 | D:11     | You fall into a shaft and drop 3 floors!
 20547 | D:14     | Noticed a five-headed hydra
 20583 | D:13     | Noticed a six-headed hydra
 20585 | D:13     | Noticed Josephine
 20586 | D:13     | Noticed Azrael
 20629 | D:13     | Noticed a tengu warrior
 20631 | D:13     | Noticed a rakshasa
 20636 | D:13     | Killed a tengu warrior
 20652 | D:13     | Killed a rakshasa
 20653 | D:13     | Reached skill level 5 in Maces & Flails
 20943 | D:12     | Found Ihoitex's Weapon Boutique.
 20950 | D:12     | Bought the +1 whip "Riskeqaz" {vamp, rN+ Dex+4 Stlth+} for
                  | 523 gold pieces
 21216 | D:11     | Found a staircase to the Lair.
 21217 | D:11     | Noticed a two-headed ogre
 21224 | D:11     | Killed a two-headed ogre
 21660 | Lair:1   | Entered Level 1 of the Lair of Beasts
 21750 | Lair:1   | Reached XP level 13. HP: 93/93 MP: 20/23
 22459 | Lair:1   | Learned a level 2 spell: Blink
 22480 | Lair:1   | Learned a level 3 spell: Mephitic Cloud
 22484 | Lair:1   | Learned a level 3 spell: Dazzling Flash
 22709 | Lair:2   | Noticed a four-headed hydra
 22839 | Lair:2   | Reached skill level 1 in Poison Magic
 22860 | Lair:2   | Reached skill level 1 in Hexes
 22890 | Lair:2   | Killed a four-headed hydra
 23377 | Lair:2   | Found a runed translucent door.
 23377 | Lair:2   | Noticed Wyvernaa's ghost (journeyman HOMo)
 23499 | Lair:2   | Reached skill level 9 in Conjurations
 24578 | Lair:2   | Reached skill level 5 in Evocations
 25595 | Lair:3   | Noticed a seven-headed hydra
 26289 | Lair:3   | Reached XP level 14. HP: 51/103 MP: 20/25
 26911 | Lair:3   | Learned a level 4 spell: Fulminant Prism
 27292 | Lair:3   | Found a runed translucent door.
 27293 | Lair:3   | Noticed RepHenryClay's ghost (adept DEFE)
 27294 | Lair:3   | Identified the +6 spear of Ubiud {freeze, rF- Str+5}
 28204 | Lair:4   | Found a staircase to the Swamp.
 28857 | Lair:4   | Found a hole to the Spider Nest.
 30337 | Lair:5   | Found a staircase to the Slime Pits.
 31831 | Lair:6   | Entered Level 6 of the Lair of Beasts
 31846 | Lair:6   | Reached XP level 15. HP: 67/110 MP: 24/27
 32642 | Lair:6   | Reached skill level 10 in Conjurations
 33818 | Lair:6   | Reached ****** piety under Qazlal
 33819 | Lair:6   | Reached skill level 5 in Poison Magic
 35013 | Lair:6   | Reached skill level 5 in Hexes
 35567 | Lair:6   | Identified the +4 rapier "Pedubb" {vorpal, Drain rCorr
                  | Str+4 Dex-3}
 36543 | D:12     | Reached XP level 16. HP: 102/118 MP: 29/29
 38471 | D:13     | Killed Josephine
 39040 | D:13     | Killed Azrael
 40418 | D:13     | Found a gate to the Vaults.
 42557 | D:15     | Entered Level 15 of the Dungeon
 43078 | D:15     | Reached skill level 10 in Invocations
 43148 | D:15     | Reached XP level 17. HP: 68/126 MP: 21/30
 43684 | D:15     | Found Xuoxer's Weapon Boutique.
 43808 | D:15     | Reached skill level 11 in Conjurations
 44095 | D:15     | Found a staircase to the Depths.
 44203 | D:15     | Learned a level 5 spell: Fireball
 44406 | Orc:1    | Entered Level 1 of the Orcish Mines
 44962 | Orc:1    | Found Kapax's Armour Emporium.
 45025 | Orc:1    | Found a frozen archway.
 45442 | Orc:2    | Entered Level 2 of the Orcish Mines
 45464 | Orc:2    | Reached skill level 10 in Dodging
 45608 | Orc:2    | Found a burning altar of Makhleb.
 46070 | Orc:1    | Reached skill level 1 in Fire Magic
 46971 | Orc:2    | Found Fauwel's Distillery.
 46971 | Orc:2    | Found Elomaas's Armour Boutique.
 46979 | Orc:2    | Bought a potion of curing for 45 gold pieces
 46979 | Orc:2    | Bought 2 potions of curing for 90 gold pieces
 47290 | Orc:2    | Found Rereol's Antique Armour Shoppe.
 47290 | Orc:2    | Found Homnudd's Book Boutique.
 47295 | Orc:2    | Bought a pair of glowing gloves for 225 gold pieces
 47309 | Orc:2    | Bought the Tome of Battle Magic for 816 gold pieces
 47315 | Orc:2    | Learned a level 5 spell: Iskenderun's Battlesphere
 47572 | Orc:2    | Found Cywnycre's Book Shop.
 47576 | Orc:2    | Found a staircase to the Elven Halls.
 48204 | Spider:1 | Entered Level 1 of the Spider Nest
 49176 | Spider:1 | Reached skill level 10 in Spellcasting
 49748 | Spider:2 | Reached skill level 10 in Fighting
 51121 | Spider:2 | Learned a level 4 spell: Sticky Flame
 51798 | Spider:2 | Reached XP level 18. HP: 109/134 MP: 32/32
 53479 | Spider:3 | Noticed Agnes
 53482 | Spider:3 | Killed Agnes
 54600 | Spider:4 | Entered Level 4 of the Spider Nest
 54864 | Spider:4 | Noticed Arachne
 55051 | Spider:4 | Reached skill level 10 in Maces & Flails
 55972 | Spider:4 | Reached skill level 10 in Translocations
 57614 | Spider:3 | Killed Arachne
 60850 | Swamp:1  | Entered Level 1 of the Swamp
 61018 | Swamp:1  | Found a transporter.
 61019 | Swamp:1  | Reached XP level 19. HP: 130/142 MP: 27/33
 61032 | Swamp:1  | Noticed Jograino's ghost (journeyman DEIE)
 61060 | Swamp:1  | Found a transporter.
 61517 | Swamp:2  | Reached skill level 12 in Conjurations
 61520 | Swamp:2  | Slain by a bunyip

Illustrated notes

Levels and vault maps discovered:
D:1:      eino_arrival_druids_welcome, layout_basic,
          shapermc_ecumenical_altar_mp_highgroup
D:2:      minmay_chambers_of_twos, layout_basic, uniq_sigmund, uniq_terence
D:3:      layout_basic, old_standard_altar, lemuel_tele_altar,
          ebering_ghost_reflecting_pool
D:4:      layout_loops_ring, general_overflow_altar, lemuel_crystal_altar,
          lemuel_crystal_altar, chequers_temple_overflow_statue_of_worship,
          minmay_temple_entry_steel_oval, portal_sewer_entry_d
D:5:      layout_basic
D:6:      layout_cave_pools, enter_ossuary_3
D:7:      layout_loops_corners, old_standard_altar, lemuel_round_altar,
          ashenzari_conservatory_becter, minivault_24
D:8:      kennysheep_blocky_room, layout_cave_pools, grunt_decor_clamped
D:9:      layout_basic, orc_0_dummy
D:10:     hangedman_cross_stitches, layout_gridville, amcnicky_altar_gilded,
          uniq_maurice
D:11:     layout_stronghold, lair_entry_dummy
D:12:     layout_grid_maze, serial_shops, nicolae_shop_statue_plus,
          enter_bailey_5, grunt_decor_mini_mirrors
D:13:     layout_basic, grunt_vaults_entry_fortified, uniq_azrael,
          uniq_josephine
D:14:     layout_long_grid, minmay_parallelograms
D:15:     grunt_enter_depths_magical_seal, layout_rooms,
          hangedman_abyss_or_decor_jellyfish_corner, serial_shops, shop
Lair:1:   layout_roguey, nzn_random_ring
Lair:2:   layout_small_grid, hellmonk_ghost_happy_afterlife, disabler_island,
          minmay_lair_oklob_chamber, grunt_megastairs_1
Lair:3:   layout_cave_pods, ebering_ghost_funeral_grove
Lair:4:   layout_roguey, swamp_mist, spider_nest_entry_funnel_web,
          serial_bayou_crossing
Lair:5:   beast_lair_carwin_large_1, layout_gridlike,
          minmay_slime_entry_oklob_open, lemuel_fruit_fields
Lair:6:   guppyfry_lair_end_dragon, layout_small_grid,
          hangedman_lair_caniforms_friends, st_stairs_11,
          chequers_serial_rivers_large_a, grunt_forest_small_clearings,
          infiniplex_staircase_pool_2, serial_bayou_shore_a
Swamp:1:  layout_basic_swamp, gammafunk_ghost_arena, hangedman_swamp_lotus
Swamp:2:  layout_basic_swamp, evilmike_swamp_ruin_house_2
Spider:1: layout_spider_delve
Spider:2: layout_spider_delve, nicolae_spider_jagged_tunnels
Spider:3: layout_chambers, hangedman_spider_tarantella_strand, uniq_agnes
Spider:4: johnstein_spider_rune_arachne_lair, uniq_arachne
Orc:1:    layout_caves, serial_shops, nicolae_shop_crystal,
          portal_ice_cave_entry_imps, mines2_david
Orc:2:    st_orc_town, layout_caves, basic_altar, serial_shops, shop

Skill      XL: |  1  2  3  4  5  6  7  8  9 10 11 12 13 14 15 16 17 18 19 |
---------------+----------------------------------------------------------+-----
Conjurations   | 5 6 7 8 9 10 11 12 | 12.0
Invocations    | 1 2 3 4 5 6 7 8 9 10 11 | 11.4
Short Blades   | 1 |  1.0
Spellcasting   | 3 4 5 6 7 8 9 10 | 10.8
Polearms       | 2 3 4 6 7 |  7.2
Fighting       | 1 2 4 5 6 7 8 9 10 | 10.8
Dodging        | 3 4 5 6 7 8 9 10 11 | 11.0
Translocations | 1 2 3 4 5 6 7 8 9 10 | 10.4
Armour         | 2 3 4 5 |  5.0
Throwing       | 1 |  1.2
Maces & Flails | 3 5 6 7 8 9 10 | 10.5
Evocations     | 2 3 5 6 7 8 |  8.9
Shields        | 2 3 4 |  4.0
Poison Magic   | 2 4 5 6 7 8 |  8.0
Hexes          | 2 4 5 6 |  6.5
Fire Magic     | 3 4 |  4.9
Stealth        | |  2.3

Action                   |  1- 3 |  4- 6 |  7- 9 | 10-12 | 13-15 | 16-18 | 19-21 || total
-------------------------+-------+-------+-------+-------+-------+-------+-------++-------
Melee: Short sword       |     7 |       |       |       |       |       |       ||     7
       Dagger            |    14 |    20 |       |       |       |       |       ||    34
       Spear             |       |    71 |   148 |    52 |       |       |       ||   271
       Whip              |       |       |       |   213 |   834 |  1187 |    53 ||  2287
Throw: Dart              |       |       |    10 |     2 |       |       |       ||    12
       Javelin           |       |       |     4 |       |       |       |       ||     4
       Throwing net      |       |       |       |     1 |       |       |       ||     1
 Cast: Magic Dart        |    58 |    30 |   106 |   118 |   303 |   499 |     5 ||  1119
       Searing Ray       |       |    11 |    33 |    58 |    49 |   101 |     2 ||   254
       Iskenderun's Myst |       |       |     3 |     4 |    30 |    98 |     5 ||   140
       Blink             |       |       |       |       |     8 |    10 |       ||    18
       Mephitic Cloud    |       |       |       |       |    13 |    15 |       ||    28
       Dazzling Flash    |       |       |       |       |     2 |     4 |       ||     6
       Fulminant Prism   |       |       |       |       |       |     2 |       ||     2
       Iskenderun's Batt |       |       |       |       |       |     4 |       ||     4
       Fireball          |       |       |       |       |       |     9 |       ||     9
       Sticky Flame      |       |       |       |       |       |     1 |       ||     1
Invok: Upheaval          |       |       |       |     1 |     2 |    25 |       ||    28
       Elemental Force   |       |       |       |     1 |       |     1 |       ||     2
       Disaster Area     |       |       |       |       |       |     3 |       ||     3
 Abil: Evoke Berserk Rag |       |       |       |       |       |     1 |       ||     1
Evoke: Wand              |       |       |       |    12 |    21 |    31 |     1 ||    65
       Piece from Xom's  |       |       |       |       |     6 |     7 |       ||    13
  Use: Scroll            |     2 |     3 |    11 |    15 |     7 |    12 |       ||    50
       Potion            |       |       |     2 |     6 |     3 |    15 |       ||    26
 Stab: Sleeping          |     2 |       |       |       |       |       |       ||     2
       Confused          |       |       |       |       |     5 |     1 |       ||     6
       Distracted        |       |       |       |       |       |     1 |       ||     1
       Invisible         |       |       |       |       |       |     1 |       ||     1
       Petrified         |       |       |       |       |       |     1 |       ||     1
Armor: Robe              |     4 |    38 |     1 |       |       |       |       ||    43
       Leather armour    |       |       |    53 |    23 |       |       |       ||    76
       Troll leather arm |       |       |       |    48 |   134 |       |       ||   182
       Ring mail         |       |       |       |       |    45 |       |       ||    45
       Swamp dragon scal |       |       |       |       |    11 |   566 |    21 ||   598
Dodge: Dodged            |    11 |    77 |    95 |   161 |   380 |   671 |    11 ||  1406
       Repelled          |       |       |       |     4 |     6 |    21 |     1 ||    32
Block: Other             |       |    13 |    34 |    59 |       |       |       ||   106
       Buckler           |       |       |       |     3 |   535 |   823 |    27 ||  1388

Table legend: (Time is in decaauts)
 A = Elapsed time spent in this place.
 B = Non-inter-level travel time spent in this place.
 C = Inter-level travel time spent in this place.
 D = Time resting spent in this place.
 E = Time spent auto-exploring this place.
 F = Levels seen in this place.
 G = Mean time per level.
                   A        B        C        D        E       F      G
               +--------+--------+--------+--------+--------+-----+--------+
         Total |  60999 |  58799 |   2200 |  31962 |  15561 |  31 | 1967.7 |
       Dungeon |  28667 |  27662 |   1005 |  14096 |   8864 |  15 | 1911.1 |
          Lair |  14734 |  13951 |    783 |   7384 |   3471 |   6 | 2455.7 |
         Swamp |    681 |    659 |     22 |    120 |    158 |   2 |  340.5 |
   Spider Nest |  12186 |  11901 |    285 |   7981 |   1930 |   4 | 3046.5 |
  Orcish Mines |   3130 |   3028 |    102 |   1236 |   1073 |   2 | 1565.0 |
         Sewer |    372 |    372 |      0 |    220 |      0 |   1 |  372.0 |
       Ossuary |   1226 |   1226 |      0 |    923 |     65 |   1 | 1226.0 |
               +--------+--------+--------+--------+--------+-----+--------+

Top non-repeatable levels by time:
Spider:3: 5305 daAuts
  Lair:6: 3568 daAuts
    D:13: 3374 daAuts
     D:9: 3025 daAuts
  Lair:3: 2953 daAuts
Spider:2: 2908 daAuts
     D:7: 2889 daAuts
  Lair:2: 2709 daAuts
     D:8: 2524 daAuts
    D:10: 2431 daAuts
Spider:4: 2371 daAuts
  Lair:5: 2364 daAuts
    D:14: 1896 daAuts
  Lair:4: 1887 daAuts
     D:5: 1867 daAuts
